 Dungeon Crawl Stone Soup version 0.27-a0-899-ge2d0b17c59 (webtiles) character file.

Game seed: 13615010384779600003

3824 bilbop the Ruffian (level 9, -2/84 HPs)
             Began as a Troll Arcane Marksman on Apr 5, 2021.
             Was a Believer of Fedhas.
             Slain by a killer bee (8 damage)
             ... on level 8 of the Dungeon.
             The game lasted 01:10:20 (7722 turns).

bilbop the Ruffian (Troll Arcane Marksman)          Turns: 7722, Time: 01:10:20

Health: -2/84      AC:  4    Str: 20    XL:     9   Next: 97%
Magic:  21/21      EV: 11    Int:  9    God:    Fedhas [**....]
Gold:   285        SH: 15    Dex: 13    Spells: 12/13 levels left

rFire    . . .     SeeInvis .     - Unarmed
rCold    . . .     Faith    +   e - +1 tower shield
rNeg     . . .     Spirit   .   a - +0 robe
rPois    .         Reflect  .   (helmet restricted)
rElec    .         Harm     .   (no cloak)
rCorr    .         Rampage  .   (gloves unavailable)
Will     .....                  (boots unavailable)
Stlth    ++........             k - amulet of faith
HPRegen  1.24/turn              o - +4 ring of evasion
MPRegen  0.17/turn              w - ring of magical power

@: no status effects
A: large, unfitting armour, claws 3, regeneration 1, shaggy fur 1, tough skin 1
a: Renounce Religion, Wall of Briars


You were on level 8 of the Dungeon.
You worshipped Fedhas.
Fedhas was pleased with you.
You visited 2 branches of the dungeon, and saw 9 of its levels.

You collected 285 gold pieces.

Inventory:

Missiles
 c - 10 large rocks
 d - 2 throwing nets
 h - 7 boomerangs
 n - 45 poisoned darts (quivered)
 p - 7 datura-tipped darts
Armour
 a - a +0 robe (worn)
 e - a +1 tower shield (worn)
 x - a scarf of harm
Jewellery
 k - an amulet of faith (around neck)
 o - a +4 ring of evasion (left claw)
 w - a ring of magical power (right claw)
Wands
 i - a wand of polymorph (9)
 v - a wand of paralysis (10)
Scrolls
 g - 2 scrolls of fog
 l - 2 scrolls of magic mapping {unknown}
 q - 2 scrolls of enchant weapon {unknown}
 r - 3 scrolls of enchant armour
 s - a scroll of summoning {unknown}
 t - a scroll of acquirement {unknown}
 u - a scroll of identify {unknown}
Potions
 b - a potion of haste {unknown}
 f - 3 potions of curing {unknown}
 j - a potion of flight {unknown}


   Skills:
 * Level 4.0 Fighting
 + Level 4.3 Throwing
 + Level 3.9 Dodging
 - Level 2.2 Stealth
 + Level 3.4 Shields
 * Level 6.0 Unarmed Combat
 + Level 2.8 Spellcasting
 + Level 3.6 Hexes
 + Level 3.8 Invocations
 + Level 2.0 Evocations


You had 12 spell levels left.
You knew the following spells:

 Your Spells              Type           Power      Damage    Failure   Level
a - Corona                Hex            7%         N/A       63%         1

Your spell library contained the following spells:

 Spells                   Type           Power      Damage    Failure   Level
 Slow                     Hex            7%         N/A       77%         2
 Confusing Touch          Hex            7%         N/A       94%         3
 Magic Dart               Conj           4%         1d3       98%         1
 Searing Ray              Conj           2%         3d3       99%         2
 Dazzling Flash           Conj/Hex       8%         N/A       99%         3
 Inner Flame              Hex/Fire       4%         N/A       99%         3
 Portal Projectile        Hex/Tloc       8%         N/A       99%         3
 Gell's Gravitas          Tloc           0%         N/A       100%        3
 Cause Fear               Hex            3%         N/A       100%        4
 Fulminant Prism          Conj/Hex       2%         3d6       100%        4
 Iskenderun's Mystic Bla  Conj/Tloc      1%         2d3       100%        4
 Leda's Liquefaction      Hex/Erth       2%         N/A       100%        4
 Petrify                  Tmut/Erth      1%         N/A       100%        4
 Metabolic Englaciation   Hex/Ice        2%         N/A       100%        5
 Yara's Violent Unravell  Hex/Tmut       2%         3d3       100%        5


Dungeon Overview and Level Annotations

Branches:
Dungeon (8/15)             Temple (1/1) D:5
   Lair: D:8-11

Altars:
Ashenzari
Cheibriados
Dithmenos
Elyvilon
Fedhas
Gozag
Hepliaklqana
Kikubaaqudgha
Makhleb
Okawaru
Qazlal
Ru
Sif Muna
Trog
Uskayaw
Vehumet
Wu Jian
Xom
Yredelemnul
The Shining One

Shops:
D:6 :

Annotations:
D:4 1 runed translucent door, 2 transporters, Crazy Yiuf
D:7 3 runed translucent doors, HendSelp's ghost, novice TrMo


Innate Abilities, Weirdness & Mutations

You are too large for most types of armour.
You have claws for hands.
Your natural rate of healing is unusually fast.
You are covered in fur. (AC +1)
You have tough skin. (AC +1)


Message History

Press: ? - help, Dir - move target
As you read the scroll of blinking, it crumbles to dust.
A gnoll and 2 orcs come into view.
The gnoll shouts!
The killer bee buzzes angrily.
A gnoll comes into view. It is wielding a +0 spear.
A gnoll comes into view. It is wielding a +0 flail.
Okay, then.
Okay, then.
Unknown command.
As you read the scroll of fear, it crumbles to dust.
You assume a fearsome visage.
The gnoll looks frightened! x3
The killer bee looks frightened! x4; The orc looks frightened! x2
A gnoll shaman comes into view. It is wielding a +0 whip.
An orc comes into view. It is wielding a +0 short sword.
You scratch the steam dragon but do no damage.
A sky beast comes into view.
The killer bee closely misses you. The steam dragon breathes steam at you.
The ball of steam hits you!
* * * LOW HITPOINT WARNING * * *
Cornered, the killer bee turns to fight!
Blink to where?
Press: ? - help, Dir - move target
As you read the scroll of blinking, it crumbles to dust.
The killer bee stings you but does no damage.
The killer bee stings you but does no damage.
The sky beast flickers out of sight!
Deactivating autopickup; reactivate with Ctrl-A.
The killer bee stings you.
* * * LOW HITPOINT WARNING * * *
You block the killer bee's attack.
A sky beast appears from thin air!
Reactivating autopickup.
You block the killer bee's attack. You block the steam dragon's attack.
The steam dragon claws you.
* * * LOW HITPOINT WARNING * * *
The sky beast flickers out of sight!
Deactivating autopickup; reactivate with Ctrl-A.
The killer bee stings you!
You die...
Fedhas appreciates your contribution to the ecosystem.

#... #.##...g.og... #...#
#ยงยงยง..[#.##.## #)..#
####.....##.##
#...##########)##.....g
#...#.......##g##.##.###
#####...#.#####.#o..........
.....>..............#.#.....
...............D#...........
.............@yy......#...
###.#...#.###.#{....### ..
#.#...#............... #
#<#...#.###..y.........
#.#...#.# ####.#######.#
#.#..(#.######... #
#.........[......
###...#.#####.##.# ##.##.#


You could see a steam dragon, a gnoll shaman, 3 killer bees and an orc.

Vanquished Creatures
  A two-headed ogre (D:8)
  Grinder (D:4)
  Prince Ribbit (D:5)
  3 yaks (D:6)
  A wyvern (D:7)
  Menkaure (D:4)
  2 water moccasins
  An orc warrior (D:6)
  2 sky beasts (D:7)
  A black bear (D:6)
  An ogre (D:6)
  2 centaurs (D:6)
  2 kobold brigands
  Blork the orc (D:5)
  A scorpion (D:4)
  4 killer bees (D:8)
  A howler monkey (D:5)
  A bullfrog zombie (D:6)
  4 hounds
  2 orc priests (D:6)
  A jelly (D:5)
  A centaur skeleton (D:5)
  Jessica (D:3)
  3 iguanas
  6 orc wizards
  A scorpion zombie (D:5)
  A hound skeleton (D:4)
  A howler monkey zombie (D:8)
  8 adders
  A white imp (D:6)
  A worm (D:3)
  4 dart slugs
  29 orcs
  4 bats (D:2)
  5 endoplasms
  2 giant cockroaches
  5 hobgoblins
  2 jackals (D:2)
  32 kobolds
  A quokka (D:2)
  5 ball pythons
  3 frilled lizards
  8 goblins
  5 rats
163 creatures vanquished.

Vanquished Creatures (others)
  2 orc wizards (D:8)
  3 fungi (D:7)
  22 plants
27 creatures vanquished.

Grand Total: 190 creatures vanquished

Notes
Turn   | Place    | Note
-------+----------+-------------------------------------------
     0 | D:1      | bilbop the Troll Arcane Marksman began the quest for the
                  | Orb.
     0 | D:1      | Reached XP level 1. HP: 18/18 MP: 1/1
    22 | D:1      | Found a faded altar of an unknown god.
   442 | D:1      | Reached XP level 2. HP: 26/26 MP: 2/2
   446 | D:1      | Reached skill level 1 in Fighting
   722 | D:2      | Reached XP level 3. HP: 33/33 MP: 3/3
   808 | D:2      | Found a glowing golden altar of the Shining One.
   902 | D:2      | Reached skill level 1 in Unarmed Combat
  1199 | D:3      | Reached XP level 4. HP: 41/41 MP: 4/4
  1461 | D:3      | Reached skill level 1 in Shields
  1857 | D:3      | Noticed Jessica
  1863 | D:3      | Killed Jessica
  1864 | D:3      | Reached skill level 1 in Invocations
  1864 | D:3      | Reached XP level 5. HP: 41/48 MP: 5/5
  1940 | D:3      | Found a hide-covered altar of Uskayaw.
  2301 | D:3      | Reached skill level 2 in Unarmed Combat
  2329 | D:3      | Reached XP level 6. HP: 11/57 MP: 7/7
  2507 | D:4      | Found a shadowy altar of Dithmenos.
  2544 | D:4      | Noticed Grinder
  2552 | D:4      | Paralysed by Grinder for 2 turns
  2560 | D:4      | Paralysed by Grinder for 6 turns
  2573 | D:4      | Killed Grinder
  2574 | D:4      | Reached skill level 1 in Stealth
  2689 | D:4      | Reached XP level 7. HP: 65/65 MP: 8/8
  2735 | D:4      | Reached skill level 3 in Unarmed Combat
  2989 | D:4      | Found a runed translucent door.
  2990 | D:4      | Noticed Crazy Yiuf
  3055 | D:4      | Found a transporter.
  3055 | D:4      | Found a transporter.
  3068 | D:4      | Noticed a wyvern
  3080 | D:4      | Noticed a yak
  3091 | D:4      | Found an ornate altar of the Wu Jian Council.
  3239 | D:4      | Noticed Menkaure
  3243 | D:4      | Killed Menkaure
  3844 | D:5      | Entered Level 5 of the Dungeon
  3937 | D:5      | Found a bloodstained altar of Trog.
  4043 | D:5      | Found a staircase to the Ecumenical Temple.
  4053 | Temple   | Entered the Ecumenical Temple
  4138 | Temple   | Became a worshipper of Fedhas Madash
  4211 | D:5      | Noticed Prince Ribbit
  4229 | D:5      | Killed Prince Ribbit
  4230 | D:5      | Reached XP level 8. HP: 64/74 MP: 8/10
  4293 | D:5      | Reached skill level 4 in Unarmed Combat
  4442 | D:5      | Noticed Blork the orc
  4482 | D:5      | HP: 1/74 [Blork the orc/+0 dire flail (12)]
  4495 | D:5      | Killed Blork the orc
  5153 | D:6      | Found a broken altar of Ashenzari.
  5200 | D:6      | Found Iffeejex's Book Emporium.
  5218 | D:6      | Reached * piety under Fedhas
  5603 | D:6      | Reached skill level 1 in Evocations
  5658 | D:6      | Found a shimmering altar of Xom.
  5929 | D:6      | Reached XP level 9. HP: 32/80 MP: 11/11
  6046 | D:6      | Reached skill level 5 in Unarmed Combat
  6822 | D:7      | Reached ** piety under Fedhas
  7192 | D:7      | Found a white marble altar of Elyvilon.
  7195 | D:7      | Found a stormy altar of Qazlal.
  7196 | D:7      | Found a burning altar of Makhleb.
  7197 | D:7      | Found a glowing golden altar of the Shining One.
  7198 | D:7      | Found an ancient bone altar of Kikubaaqudgha.
  7416 | D:7      | Found a runed translucent gate.
  7416 | D:7      | Found a runed translucent gate.
  7416 | D:7      | Found a runed translucent gate.
  7419 | D:7      | Noticed HendSelp's ghost (novice TrMo)
  7632 | D:8      | Noticed a two-headed ogre
  7698 | D:8      | Killed a two-headed ogre
  7699 | D:8      | Reached skill level 6 in Unarmed Combat
  7714 | D:8      | HP: 3/84 [steam dragon/ball of steam (12)]
  7722 | D:8      | Slain by a killer bee

Illustrated notes

Levels and vault maps discovered:
D:1:      lightli_arrival_flooded_house, layout_basic, basic_ecumenical_altar,
          minivault_26
D:2:      layout_rooms, basic_altar
D:3:      layout_basic, lemuel_round_altar, corner_web_ring,
          minmay_goblin_kobold_house, uniq_jessica
D:4:      kennysheep_kobold_camp, layout_basic,
          grunt_dithmenos_smoke_and_mirrors, gammafunk_temple_overflow_arena,
          hangedman_abyss_or_decor_lesser_grid, grunt_ministairs_15,
          dk_noncrumbling_4, uniq_grinder, uniq_crazy_yiuf_cottage,
          uniq_menkaure
D:5:      layout_gridville, nicolae_overflow_crystal_walls,
          minmay_temple_entry_mini_moons, uniq_prince_ribbit1,
          uniq_blork_the_orc
D:6:      layout_basic, nicolae_ashenzari_panopticon,
          nicolae_overflow_hidden_temple, serial_shops, nicolae_shop_trees,
          hex_tiny, minivault_26, minmay_crossroads
D:7:      layout_loops_ring, grunt_temple_overflow_open,
          gammafunk_ghost_nasty_kobolds, minmay_door_square,
          grunt_decor_clamped, kennysheep_pointless_box
D:8:      layout_loops_cross, gammafunk_ghost_endoplasm, serial_shops, shop
Temple:   dpeg_three_leaves_temple

Skill      XL: |  1  2  3  4  5  6  7  8  9 |
---------------+----------------------------+-----
Fighting       | 1 2 4 |  4.0
Throwing       | 2 3 4 |  4.3
Unarmed Combat | 1 2 3 4 6 |  6.0
Shields        | 1 2 3 |  3.4
Dodging        | 2 3 |  3.9
Invocations    | 1 2 3 |  3.8
Stealth        | 1 2 |  2.2
Spellcasting   | 2 |  2.8
Hexes          | 3 |  3.6
Evocations     | 1 2 |  2.0

Action                   |  1- 3 |  4- 6 |  7- 9 || total
-------------------------+-------+-------+-------++-------
Melee: Unarmed           |   113 |   137 |   367 ||   617
Throw: Dart              |     2 |    21 |    75 ||    98
       Large rock        |       |    10 |    26 ||    36
  Use: Scroll            |     1 |       |     9 ||    10
 Stab: Sleeping          |     1 |       |     2 ||     3
Armor: Robe              |    57 |    24 |    73 ||   154
Dodge: Dodged            |    28 |    33 |   123 ||   184
Block: Tower shield      |   101 |   102 |   314 ||   517

Table legend: (Time is in decaauts)
 A = Elapsed time spent in this place.
 B = Non-inter-level travel time spent in this place.
 C = Inter-level travel time spent in this place.
 D = Time resting spent in this place.
 E = Time spent auto-exploring this place.
 F = Levels seen in this place.
 G = Mean time per level.
                   A        B        C        D        E       F      G
               +--------+--------+--------+--------+--------+-----+--------+
         Total |   8034 |   6403 |   1631 |    508 |   3958 |   9 |  892.7 |
       Dungeon |   7940 |   6335 |   1605 |    508 |   3893 |   8 |  992.5 |
        Temple |     93 |     67 |     26 |      0 |     65 |   1 |   93.0 |
               +--------+--------+--------+--------+--------+-----+--------+

Top non-repeatable levels by time:
     D:4: 1654 daAuts
     D:6: 1638 daAuts
     D:3: 1228 daAuts
     D:7: 1089 daAuts
     D:5: 1073 daAuts
     D:1: 604 daAuts
     D:2: 537 daAuts
     D:8: 114 daAuts
  Temple: 93 daAuts
